 Dungeon Crawl Stone Soup version 0.27-a0-1278-g6cbc8dfb29 (webtiles) character file.

Game seed: 3413297575645457501

40 HoaS the Poker (level 3, -6/23 HPs)
             Began as a Tengu Berserker on June 12, 2021.
             Was a Believer of Trog.
             Mangled by Crazy Yiuf (9 damage)
             ... on level 2 of the Dungeon.
             The game lasted 00:03:03 (1642 turns).

HoaS the Poker (Tengu Berserker)                    Turns: 1642, Time: 00:03:03

Health: -6/23      AC:  5    Str: 18    XL:     3   Next: 50%
Magic:  4/4        EV: 11    Int:  7    God:    Trog [**....]
Gold:   46         SH:  0    Dex: 13    Spells: 2/2 levels left

rFire    + . .     SeeInvis .   a - +0 spear
rCold    . . .     Faith    .   (no shield)
rNeg     + . .     Spirit   .   f - +0 ring mail
rPois    .         Reflect  .   (helmet restricted)
rElec    .         Harm     .   (no cloak)
rCorr    .         Rampage  .   (no gloves)
Will     .....                  (boots unavailable)
Stlth    +.........             (no amulet)
HPRegen  0.07/turn              d - ring of positive energy
MPRegen  0.09/turn              i - ring of protection from fire

@: no status effects
A: beak, talons 3
a: Renounce Religion, Berserk, Trog's Hand


You were on level 2 of the Dungeon.
You worshipped Trog.
Trog was pleased with you.
You visited 1 branch of the dungeon, and saw 2 of its levels.

You collected 46 gold pieces.

Inventory:

Hand Weapons
 a - a +0 spear (weapon)
Armour
 f - a +0 ring mail (worn)
Jewellery
 d - a ring of positive energy (left hand)
 i - a ring of protection from fire (right hand)
Scrolls
 b - a scroll of magic mapping {unknown}
Potions
 c - 2 potions of attraction {unknown}
 e - a potion of curing {unknown}
 g - a potion of brilliance {unknown}
 h - a potion of magic {unknown}


   Skills:
 - Level 3.0 Fighting
 * Level 4.9 Polearms
 - Level 2.1 Armour
 - Level 2.1 Dodging


You had 2 spell levels left.
You didn't know any spells.
Your spell library was empty.

Dungeon Overview and Level Annotations

Branches:
Dungeon (2/15)

Altars:
Xom

Annotations:
D:2 Crazy Yiuf


Innate Abilities, Weirdness & Mutations

You have a beak for a mouth.
You have claws for feet.


Message History

Partly explored, can't reach some places.
Partly explored, can't reach some places.
Partly explored, can't reach some places.
You hit the fungus.
The fungus begins to die.
You peck the fungus, but do no damage.
The fungus is lightly damaged.
You hit the fungus. You claw the fungus. You peck the fungus.
The fungus is lightly damaged.
You hit the fungus.
The fungus is lightly damaged.
You hit the fungus. You claw the fungus.
The fungus is lightly damaged.
You hit the fungus. You peck the fungus.
The fungus is lightly damaged.
A nearby fungus withers and dies.
Found a mace.
Found a runed translucent door.
You open the door. You hit Crazy Yiuf. Your kick misses Crazy Yiuf.
Crazy Yiuf is moderately wounded.
Crazy Yiuf grits, "Cholesterol infinity high!"
Crazy Yiuf hits you with a +3 quarterstaff of chaos!
Crazy Yiuf burns you.
You hit Crazy Yiuf. Your kick misses Crazy Yiuf. Your peck misses Crazy Yiuf.
Crazy Yiuf is severely wounded.
Crazy Yiuf grits, "Pitchfork spinner bag!"
Crazy Yiuf drinks a potion.
Crazy Yiuf is healed!
You barely miss Crazy Yiuf. You claw Crazy Yiuf. You peck Crazy Yiuf.
Crazy Yiuf is heavily wounded.
You hit Crazy Yiuf. Your kick misses Crazy Yiuf.
You peck Crazy Yiuf, but do no damage.
Crazy Yiuf is severely wounded.
Crazy Yiuf hits you with a +3 quarterstaff of chaos!
* * * LOW HITPOINT WARNING * * *
Crazy Yiuf burns you.
* * * LOW HITPOINT WARNING * * *
You hit Crazy Yiuf. Your peck misses Crazy Yiuf.
Crazy Yiuf is severely wounded.
Crazy Yiuf yells, "Fluff!
Ten meccalolo bush."
Crazy Yiuf hits you with a +3 quarterstaff of chaos!
You die...

###..#.....# ##'##
#.### ###..#.....#
##...## #.#####
^....##...## #.....#
#...... ##...######
##########.##.##
........# #.##.#...#
........# #.'.......
##.#....##♣♣ ###
#.##.....#
##.#.#...+P♣♣ ♣♣#..)#
####.##..#
##.#.#....PP♣♣♣♣@g...#
#......
...#.##....P.♣..♣#...#
#####.#
####.###.'♣.♣.♣♣♣ ###
#.# # #.# ###♣♣♣♣♣ #.#
# #.#### #.# # #....#
### #############.# #
###### #.#
##.............# # #.#
#.....########## #
#.######...##


You could see Crazy Yiuf.

Vanquished Creatures
  A dart slug (D:1)
  2 endoplasms
  3 giant cockroaches (D:1)
  3 goblins (D:1)
  5 hobgoblins
  5 kobolds
  A quokka (D:1)
  6 ball pythons
  4 bats
  2 frilled lizards
  2 rats
34 creatures vanquished.

Vanquished Creatures (others)
  A fungus (D:2)
1 creature vanquished.

Grand Total: 35 creatures vanquished

Notes
Turn   | Place    | Note
-------+----------+-------------------------------------------
     0 | D:1      | HoaS the Tengu Berserker began the quest for the Orb.
     0 | D:1      | Reached XP level 1. HP: 14/14 MP: 2/2
   174 | D:1      | Reached XP level 2. HP: 12/19 MP: 3/3
   327 | D:1      | Reached skill level 4 in Polearms
   573 | D:1      | Reached XP level 3. HP: 23/23 MP: 4/4
   741 | D:1      | Reached ** piety under Trog
   838 | D:2      | Found a faded altar of an unknown god.
  1035 | D:2      | Found a shimmering altar of Xom.
  1633 | D:2      | Found a runed translucent door.
  1634 | D:2      | Noticed Crazy Yiuf
  1642 | D:2      | Mangled by Crazy Yiuf

Illustrated notes

Levels and vault maps discovered:
D:1:      minmay_arrival_widening_spiral_wide, layout_loops_ring
D:2:      layout_loops_corners, basic_altar, basic_ecumenical_altar,
          uniq_crazy_yiuf_cottage

Skill      XL: |  1  2 |
---------------+-------+-----
Polearms       | 4 |  4.9
Fighting       | |  3.0
Armour         | |  2.1
Dodging        | |  2.1

Action                   || total
-------------------------++-------
Melee: Spear             ||    94
       Kick              ||    16
       Peck              ||    16
  Use: Scroll            ||     2
 Stab: Sleeping          ||     1
Armor: Animal skin       ||     2
       Ring mail         ||     9
Dodge: Dodged            ||    27

Table legend: (Time is in decaauts)
 A = Elapsed time spent in this place.
 B = Non-inter-level travel time spent in this place.
 C = Inter-level travel time spent in this place.
 D = Time resting spent in this place.
 E = Time spent auto-exploring this place.
 F = Levels seen in this place.
 G = Mean time per level.
                   A        B        C        D        E       F      G
               +--------+--------+--------+--------+--------+-----+--------+
         Total |   1630 |   1610 |     20 |    116 |   1256 |   2 |  815.0 |
       Dungeon |   1630 |   1610 |     20 |    116 |   1256 |   2 |  815.0 |
               +--------+--------+--------+--------+--------+-----+--------+

Top non-repeatable levels by time:
     D:2: 873 daAuts
     D:1: 756 daAuts
